 Dungeon Crawl Stone Soup version 0.22.0-49-gab54619 (webtiles) character file.

124918 vatarom the Devastator (level 16, -20/126 HPs)
             Began as a Grey Draconian Conjurer on Sept 5, 2018.
             Was a High Priest of Vehumet.
             Shot with an arrow by a satyr (24 damage)
             ... on level 3 of the Shoals.
             The game lasted 02:46:55 (49495 turns).

vatarom the Devastator (Grey Draconian Conjurer)   Turns: 49495, Time: 02:46:55

Health: -20/126    AC: 19    Str: 11    XL:     16   Next: 40%
Magic:  4/35       EV: 14    Int: 20    God:    Vehumet [*****.]
Gold:   2113       SH:  0    Dex: 18    Spells: 5/45 levels left

rFire    + . .     SeeInvis .   n - +4 quarterstaff "Pischat" {vamp, rElec rF+ rC+}
rCold    + . .     Gourm    .   (shield currently unavailable)
rNeg     . . .     Faith    .   (armour unavailable)
rPois    +         Spirit   .   (helmet restricted)
rElec    +         Reflect  .   y - +0 cloak {+Inv}
rCorr    .         Harm     .   q - +1 pair of gloves
MR       ++...                  g - +1 pair of boots
Stlth    ++++......             (no amulet)
HPRegen  0.71/turn              a - ring of stealth
MPRegen  0.24/turn              z - ring of the Crown {rPois MR+ Dex+2 Stlth+}

@: very slow
A: walk through water, unfitting armour, agile 1, regeneration 1, unbreathing,
cold-blooded, MP-powered wands, AC +14
a: Renounce Religion, Evoke Invisibility


You were on level 3 of the Shoals.
You worshipped Vehumet.
Vehumet was extremely pleased with you.
You were not hungry.

You visited 6 branches of the dungeon, and saw 31 of its levels.

You collected 3009 gold pieces.
You spent 896 gold pieces at shops.

Inventory:

Hand Weapons
 n - the +4 quarterstaff "Pischat" (weapon) {vamp, rElec rF+ rC+}
   (You took it off a kobold on level 4 of the Dungeon)

   It inflicts no extra harm, but heals its wielder when it wounds a living foe.
   It protects you from fire.
   It protects you from cold.
   It insulates you from electricity.
 M - a +2 demon whip of electrocution
Missiles
 p - 4 throwing nets (quivered) {!f}
Armour
 g - a +1 pair of boots (worn)
 q - a +1 pair of gloves (worn)
 y - a +0 cloak of invisibility (worn)
Magical Staves
 k - an uncursed staff of wizardry {unknown}
Jewellery
 a - a ring of stealth (left hand)
 i - an uncursed ring of see invisible
 s - a +1 ring of slaying
 v - a cursed -3 ring of evasion
 x - an uncursed ring of resist corrosion {unknown}
 z - the ring of the Crown (right hand) {rPois MR+ Dex+2 Stlth+}
   (You bought it in a shop on level 2 of the Orcish Mines)

   [ring of stealth]

   It affects your dexterity (+2).
   It protects you from poison.
   It affects your resistance to hostile enchantments.
   It makes you more stealthy.
 B - an uncursed amulet of rage
Wands
 j - a wand of polymorph (47)
 m - a wand of random effects (61)
 o - a wand of iceblast (24) {@v4}
 A - a wand of digging (41) {@v1}
 E - a wand of flame (33)
Scrolls
 c - a scroll of brand weapon {unknown}
 f - a scroll of torment {unknown}
 h - a scroll of fog
 l - 9 scrolls of remove curse {@r2}
 D - 4 scrolls of enchant weapon
 F - 6 scrolls of magic mapping
 L - a scroll of enchant armour
Potions
 d - 5 potions of brilliance {@q6}
 r - a potion of berserk rage
 u - 2 potions of haste {@q3}
 w - 2 potions of might {@q4}
 G - 3 potions of agility {@q5}
 I - 2 potions of curing {@q1}
 J - a potion of cancellation
Miscellaneous
 e - a fan of gales
 C - a lightning rod (3/4)
 H - a sack of spiders
Comestibles
 b - 3 rations {@e1}
 t - 3 chunks of flesh


   Skills:
 - Level 7.1 Fighting
 - Level 4.0 Dodging
 - Level 1.7 Stealth
 + Level 15.0 Spellcasting
 * Level 18.6 Conjurations
 - Level 1.6 Hexes
 - Level 7.0 Charms
 - Level 3.1 Translocations
 - Level 6.1 Ice Magic
   Level 6.1 Earth Magic
 * Level 7.4 Evocations


You had 5 spell levels left.
You knew the following spells:

 Your Spells              Type           Power        Failure   Level  Hunger
a - Magic Dart            Conj           ####         0%          1    None
b - Searing Ray           Conj           ######       0%          2    None
c - Iskenderun's Mystic   Conj           ######..     0%          4    None
d - Fulminant Prism       Conj/Hex       ######....   1%          4    None
e - Force Lance           Conj/Tloc      ######..     1%          4    None
f - Orb of Destruction    Conj           ######....   1%          7    ######.
g - Throw Icicle          Conj/Ice       ######..     1%          4    None
q - Dazzling Spray        Conj/Hex       ######       1%          3    None
w - Bolt of Cold          Conj/Ice       ######....   1%          6    #####..
B - Iskenderun's Battles  Conj/Chrm      ######..     1%          5    ###....

Your spell library contained the following spells:

 Spells                   Type           Power        Failure   Level  Hunger
 Poison Arrow             Conj/Pois      ######....   4%          6    #####..
 Corona                   Hex            ###....      1%          1    None
 Flame Tongue             Conj/Fire      #####        1%          1    None
 Freeze                   Ice            ####         1%          1    None
 Infusion                 Chrm           ####         1%          1    None
 Sting                    Conj/Pois      ####         1%          1    None
 Ensorcelled Hibernation  Hex/Ice        ####..       1%          2    None
 Shroud of Golubria       Chrm/Tloc      #####.....   1%          2    None
 Song of Slaying          Chrm           #####...     1%          2    None
 Throw Flame              Conj/Fire      ######       1%          2    None
 Throw Frost              Conj/Ice       ######       1%          2    None
 Conjure Flame            Conj/Fire      ######..     1%          3    None
 Mephitic Cloud           Conj/Pois/Air  #####...     1%          3    None
 Ozocubu's Armour         Chrm/Ice       #####...     1%          3    None
 Spectral Weapon          Hex/Chrm       ####....     1%          3    None
 Sticky Flame             Conj/Fire      ######..     1%          4    None
 Bolt of Magma            Conj/Fire/Erth #####.....   1%          5    ###....
 Fireball                 Conj/Fire      ######....   1%          5    ###....
 Venom Bolt               Conj/Pois      ######....   1%          5    ###....
 Inner Flame              Hex/Fire       ###.....     2%          3    None
 Regeneration             Chrm/Necr      ####......   3%          3    None
 Beastly Appendage        Tmut           ###...       4%          1    None
 Summon Small Mammal      Summ           ###.         4%          1    None
 Call Imp                 Summ           ###.....     6%          2    None
 Poisonous Vapours        Pois/Air       ###...       6%          2    None
 Sticks to Snakes         Tmut           ###.....     6%          2    None
 Confuse                  Hex            ###.....     6%          3    None
 Tukima's Dance           Hex            ###.....     6%          3    None
 Summon Guardian Golem    Hex/Summ       ###.....     9%          3    None
 Olgreb's Toxic Radiance  Pois           ###.....     11%         4    None
 Call Canine Familiar     Summ           ###.....     12%         3    None
 Spider Form              Tmut/Pois      ###.......   12%         3    None
 Ice Form                 Ice/Tmut       ####....     12%         4    None
 Summon Ice Beast         Ice/Summ       ####....     12%         4    None
 Summon Lightning Spire   Summ/Air       ###.....     38%         4    None
 Blade Hands              Tmut           ###.......   75%         5    ###....
 Iron Shot                Conj/Erth      ######....   1%          6    #####..
 Spellforged Servitor     Conj/Summ      ######....   19%         7    ######.


Dungeon Overview and Level Annotations

Branches:
Dungeon (15/15)            Temple (1/1) D:7            Lair (6/6) D:10
 Shoals (3/4) Lair:3       Spider (4/4) Lair:2        Slime (0/5) Lair:6
    Orc (2/2) D:12            Elf (0/3) Orc:2        Vaults (0/5) D:14
 Depths (0/5) D:15

Altars:
Ashenzari
Cheibriados
Dithmenos
Elyvilon
Fedhas
Gozag
Hepliaklqana
Kikubaaqudgha
Makhleb
Nemelex Xobeh
Okawaru
Qazlal
Ru
Sif Muna
Trog
Uskayaw
Vehumet
Wu Jian
Xom
Yredelemnul
Zin
The Shining One
Beogh

Shops:
D:4 [   D:11 [   D:13 *   D:15 :   Orc:2 !*}(=*   Shoals:3 (

Portals:
Pandemonium: Orc:2
Trove: D:10 (give +6 demon whip)

Annotations:
D:5 2 transporters
D:10 exclusion: orange crystal statue
D:11 exclusion: ice statue
Lair:4 1 runed door
Shoals:2 Ilsuiw; Polyphemus
Shoals:3 1 exclusion
Spider:1 1 runed door, Oddysee's ghost, journeyman HOFi
Spider:3 3 runed doors, Oddysee's ghost, adept TeBe


Innate Abilities, Weirdness & Mutations

You can walk through water.
Your dull iron-grey scales are very hard. (AC +14)
You cannot fit into any form of body armour.
You can survive without breathing.
You are cold-blooded and may be slowed by cold attacks.
You are agile. (Dex +2)
Your natural rate of healing is unusually fast.
You expend magic power (3 MP) to strengthen your wands.


Message History

You hear a splash.
The merfolk siren chants its luring song.
That item cannot be evoked!
Your magical effects are unravelling.
You feel magically purged.
You break out of your daze.
You feel a little less clever now. The water nymph touches you.
* * * LOW HITPOINT WARNING * * *
A faun comes into view. It is wielding a quarterstaff.
The merfolk siren hits you but does no damage.
The merfolk siren chants a haunting song.
You resist.
Unknown command.
Okay, then.
A faun comes into view. It is wielding a spear.
The satyr unwields an uncursed spear.
The satyr wields an uncursed runed longbow.
It is covered in frost.
The satyr shoots an arrow.
The arrow hits you!!
You die...

P≈≈≈≈≈≈≈≈≈≈≈≈≈≈≈≈
#≈≈≈≈≈≈≈≈≈≈≈≈≈≈≈≈≈
.##≈≈≈≈≈≈≈≈≈≈≈≈≈≈≈≈≈
#.P≈≈≈≈≈≈≈≈≈≈≈≈≈≈...
#..≈≈≈≈≈≈≈≈≈≈≈≈≈≈###
...≈≈≈≈≈≈≈≈≈≈≈≈≈≈#
cP≈≈≈≈≈≈≈≈≈≈≈≈≈≈≈.
#>≈≈≈≈≈≈§≈≈≈≈≈≈/.
#c≈$≈≈@c§§§≈≈≈≈≈.
..≈≈≈≈§*§§§§≈≈≈≈≈.
≈c≈≈≈≈§§m§§§..≈≈≈≈
.≈≈≈≈≈§§§mm§≈≈≈≈≈≈
.≈≈≈≈≈≈§§§≈≈≈≈≈≈≈≈
..≈≈≈≈≈≈≈≈≈≈≈§§§≈≈≈≈≈≈≈
≈≈≈≈≈≈≈≈≈≈(≈§§§§≈≈≈≈≈≈≈
≈≈≈≈m≈≈≈≈≈≈§§§§§§≈≈≈≈≈≈
≈≈≈≈m≈≈≈≈≈≈≈§§§§§≈≈≈≈≈≈


You could see a satyr, 3 fauns, a water nymph and a friendly battlesphere.

Vanquished Creatures
  Frances (D:14)
  A fire giant (D:15)
  Louise (Shoals:1)
  2 emperor scorpions (Spider:2)
  4 entropy weavers
  Nessos (D:13)
  A stone giant (Orc:1)
  Snorg (Lair:3)
  A fire dragon (D:10)
  4 hydras
  Harold (D:9)
  An ogre mage (D:14)
  A centaur warrior (D:14)
  Erica (D:8)
  5 two-headed ogres
  A queen ant (Spider:2)
  2 merfolk aquamancers
  A death knight (D:12)
  7 orc high priests
  5 skeletal warriors
  A gelid demonspawn (Orc:2)
  2 torturous demonspawn (Orc:2)
  3 sea snakes
  7 orc knights
  4 orb spiders
  14 wolf spiders
  An oklob plant (Lair:6)
  10 ugly things
  A deep elf mage (D:10)
  5 orc sorcerers (Orc:2)
  A manticore (Shoals:2)
  A moth of wrath (Spider:3)
  3 fauns
  A cyclops (D:13)
  3 elephants (Lair:4)
  A black mamba (Lair:6)
  A merfolk siren (Shoals:2)
  12 spiny frogs
  A water nymph (Shoals:3)
  2 gargoyles
  An orange demon (Orc:2)
  6 demonic crawlers
  A freezing wraith (D:12)
  2 rime drakes
  6 komodo dragons
  An ice devil (Orc:2)
  3 kobold demonologists (D:12)
  A red devil (Orc:2)
  8 trolls
  A polar bear (shapeshifter) (D:15)
  A tengu conjurer (D:14)
  6 jumping spiders
  10 merfolk
  6 hornets
  12 blink frogs
  A wind drake (Shoals:3)
  15 hippogriffs
  13 dream sheep
  4 snapping turtles
  2 ynoxinuls (Orc:2)
  2 shadows
  12 water elementals
  41 redbacks
  A centaur simulacrum (D:14)
  10 tarantellas
  4 wyverns
  6 basilisks
  45 yaks
  13 spriggans
  A vampire (D:15)
  3 wraiths
  Grum (Lair:1)
  2 chaos spawn (Orc:2)
  2 hungry ghosts
  Menkaure (D:6)
  9 wargs
  5 soldier ants (Spider:2)
  11 water moccasins
  A hornet zombie (D:6)
  31 orc warriors
  6 porcupines
  20 ice beasts
  2 black bears
  6 sky beasts
  2 phantoms
  3 boggarts (Lair:4)
  18 wolves
  6 centaurs
  8 ogres
  An eye of draining (D:10)
  3 necrophages
  7 crocodiles
  16 big kobolds
  12 bullfrogs
  A gnoll sergeant (D:6)
  2 wyvern zombies
  5 scorpions
  24 killer bees
  A troll zombie (D:10)
  9 wights
  7 electric eels
  11 crimson imps
  5 human zombies (D:10)
  2 bullfrog zombies
  30 orc priests
  6 centaur zombies
  6 hounds
  3 centaur skeletons
  2 human skeletons (D:10)
  5 jellies
  5 bullfrog skeletons
  Natasha (twice) (D:2)
  3 iguanas
  22 orc wizards
  30 worker ants
  An ogre zombie (D:10)
  A mummy (D:10)
  2 hound skeletons (D:4)
  4 gnolls (D:6)
  12 adders
  A shadow imp (D:13)
  2 oozes
  An adder skeleton (D:8)
  2 worms (D:3)
  8 leopard geckos
  77 orcs
  3 giant cockroaches
  5 goblins
  7 hobgoblins
  5 jackals
  3 quokkas
  2 ball pythons
  11 bats
  3 frilled lizards
  A jackal skeleton (D:5)
  48 kobolds
  A leopard gecko skeleton (D:5)
  An orc skeleton (D:10)
  A quokka skeleton (D:9)
  6 rats
  A fungus (Lair:5)
  A plant (Lair:6)
918 creatures vanquished.

Vanquished Creatures (collateral kills)
  A snapping turtle (Shoals:2)
1 creature vanquished.

Vanquished Creatures (others)
  A hippogriff (D:12)
  2 killer bees (D:12)
  3 wights (D:14)
  An electric eel (D:12)
  A crimson imp (D:12)
  An orc (Orc:2)
  4 kobolds (D:12)
  76 fulminant prisms
  17 fungi
  22 plants
128 creatures vanquished.

Grand Total: 1047 creatures vanquished

Notes
Turn   | Place    | Note
-------+----------+-------------------------------------------
     0 | D:1      | vatarom the Draconian Conjurer began the quest for the Orb.
     0 | D:1      | Reached XP level 1. HP: 14/14 MP: 3/3
   221 | D:1      | Reached XP level 2. HP: 20/20 MP: 0/5
   380 | D:1      | Learned a level 2 spell: Searing Ray
  1161 | D:2      | Reached XP level 3. HP: 26/26 MP: 4/6
  1212 | D:2      | Learned a level 3 spell: Dazzling Spray
  1270 | D:2      | Found a basalt altar of Yredelemnul.
  1270 | D:2      | Found a glowing golden altar of the Shining One.
  1275 | D:2      | Found a glowing silver altar of Zin.
  1907 | D:2      | Found a bloodstained altar of Trog.
  1919 | D:2      | Noticed Natasha
  1937 | D:2      | Killed Natasha
  1937 | D:2      | Reached skill level 5 in Conjurations
  1937 | D:2      | Reached XP level 4. HP: 28/33 MP: 1/8
  2206 | D:2      | Noticed Natasha
  2214 | D:2      | Killed Natasha
  2214 | D:2      | Reached skill level 1 in Hexes
  2297 | D:3      | Noticed a big kobold
  2361 | D:3      | Killed a big kobold
  2361 | D:3      | Reached XP level 5. HP: 24/38 MP: 0/9
  2367 | D:3      | Learned a level 4 spell: Iskenderun's Mystic Blast
  2901 | D:3      | Reached skill level 6 in Conjurations
  2969 | D:3      | Found an ornate altar of the Wu Jian Council.
  3498 | D:4      | Reached XP level 6. HP: 45/45 MP: 6/11
  3957 | D:4      | Reached skill level 7 in Conjurations
  4134 | D:4      | Your scales start taking on a dull iron-grey colour.
  4134 | D:4      | Reached XP level 7. HP: 50/50 MP: 8/13
  4134 | D:4      | Gained mutation: You can survive without breathing. [Grey
                  | Draconian growth]
  4414 | D:4      | Reached skill level 8 in Conjurations
  4433 | D:4      | Reached skill level 5 in Spellcasting
  4439 | D:4      | Learned a level 4 spell: Fulminant Prism
  4543 | D:4      | Reached XP level 8. HP: 57/58 MP: 2/15
  4543 | D:4      | Reached skill level 1 in Fighting
  4666 | D:4      | Got a scorched quarterstaff {vamp}
  4674 | D:4      | Identified the +4 quarterstaff "Pischat" {vamp, rElec rF+
                  | rC+} (You took it off a kobold on level 4 of the Dungeon)
  4681 | D:4      | Gained mutation: Your natural rate of healing is unusually
                  | fast. [potion of mutation]
  4681 | D:4      | Gained mutation: You are agile. (Dex +2) [potion of
                  | mutation]
  4681 | D:4      | Gained mutation: You expend magic power (3 MP) to
                  | strengthen your wands. [potion of mutation]
  4806 | D:4      | Reached skill level 9 in Conjurations
  5011 | D:4      | Found Comaril's Antique Armour Shoppe.
  5020 | D:4      | Learned a level 4 spell: Force Lance
  5183 | D:4      | Found an iron altar of Okawaru.
  5557 | D:4      | Found a shadowy altar of Dithmenos.
  5666 | D:5      | Entered Level 5 of the Dungeon
  5741 | D:5      | Found a transporter.
  5780 | D:5      | Found a transporter.
  6325 | D:6      | Reached XP level 9. HP: 70/70 MP: 14/18
  6392 | D:6      | Reached skill level 10 in Conjurations
  6610 | D:6      | Noticed Menkaure
  6758 | D:6      | Killed Menkaure
  7584 | D:7      | Found a staircase to the Ecumenical Temple.
  7592 | Temple   | Entered the Ecumenical Temple
  7614 | Temple   | Became a worshipper of Vehumet
  8067 | D:7      | Reached skill level 11 in Conjurations
  8310 | D:8      | Noticed Erica
  8334 | D:8      | Killed Erica
  8445 | D:8      | Reached XP level 10. HP: 77/77 MP: 12/21
  8445 | D:8      | Reached * piety under Vehumet
  8445 | D:8      | Offered knowledge of Sandblast by Vehumet.
  8682 | D:8      | Reached skill level 12 in Conjurations
 10142 | D:9      | Noticed Harold
 10151 | D:9      | Killed Harold
 10382 | D:9      | Reached skill level 13 in Conjurations
 10936 | D:10     | Entered Level 10 of the Dungeon
 10962 | D:10     | Noticed an orange crystal statue
 11340 | D:10     | Offered knowledge of Sting by Vehumet.
 11340 | D:10     | Reached ** piety under Vehumet
 11406 | D:10     | Found a staircase to the Lair.
 11406 | D:10     | Noticed a fire dragon
 11407 | D:10     | Noticed a two-headed ogre
 11807 | D:10     | Noticed a deep elf mage
 11814 | D:10     | Killed a deep elf mage
 11814 | D:10     | Reached XP level 11. HP: 82/82 MP: 15/24
 12279 | D:10     | Offered knowledge of Ignite Poison by Vehumet.
 12555 | D:10     | Found a basalt altar of Yredelemnul.
 12872 | D:11     | Found an ancient bone altar of Kikubaaqudgha.
 12927 | D:11     | Reached skill level 1 in Translocations
 13097 | D:11     | Reached *** piety under Vehumet
 13761 | D:11     | Found Emocoiq's Armour Boutique.
 13823 | D:11     | Killed a two-headed ogre
 14057 | D:11     | Noticed a frost giant
 14274 | D:11     | Offered knowledge of Stone Arrow by Vehumet.
 14274 | D:11     | Reached skill level 14 in Conjurations
 14351 | D:11     | Learned a level 3 spell: Stone Arrow
 14616 | Lair:1   | Entered Level 1 of the Lair of Beasts
 14638 | Lair:1   | Reached skill level 1 in Earth Magic
 15113 | Lair:1   | Noticed Grum
 15116 | Lair:1   | Reached **** piety under Vehumet
 15122 | Lair:1   | Killed Grum
 15830 | Lair:2   | Reached skill level 5 in Earth Magic
 15941 | Lair:2   | Found a hole to the Spider Nest.
 16023 | Lair:2   | Reached skill level 10 in Spellcasting
 16049 | Lair:2   | Offered knowledge of Inner Flame by Vehumet.
 16049 | Lair:2   | Reached XP level 12. HP: 91/91 MP: 18/26
 16971 | Lair:2   | HP: 4/138 [spiny frog (3)]
 17145 | Lair:3   | Noticed Snorg
 17147 | Lair:3   | Reached skill level 5 in Fighting
 17437 | Lair:3   | Found a staircase to the Shoals.
 17524 | Lair:3   | Killed Snorg
 18571 | Lair:4   | Reached ***** piety under Vehumet
 18571 | Lair:4   | Offered knowledge of Throw Icicle by Vehumet.
 18577 | Lair:4   | Learned a level 4 spell: Throw Icicle
 18614 | Lair:3   | Reached skill level 15 in Conjurations
 18738 | Lair:4   | Reached skill level 1 in Ice Magic
 19624 | Lair:4   | Reached XP level 13. HP: 95/102 MP: 10/28
 20287 | Lair:4   | Found a runed door.
 20695 | Lair:4   | Reached skill level 5 in Ice Magic
 22520 | Lair:6   | Entered Level 6 of the Lair of Beasts
 23882 | Lair:6   | Reached skill level 16 in Conjurations
 24095 | Lair:6   | Found a staircase to the Slime Pits.
 24958 | D:10     | Killed a fire dragon
 25120 | D:10     | Found a portal to a secret trove of treasure.
 25825 | D:12     | Reached XP level 14. HP: 84/110 MP: 6/30
 26546 | D:12     | Learned a level 4 spell: Summon Ice Beast
 27013 | D:13     | Found Temutes's Assorted Antiques.
 27033 | D:13     | Bought a slimy glass ring for 140 gold pieces
 27033 | D:13     | Identified the ring of Yskofuc {*Tele Int+4} (You bought it
                  | in a shop on level 13 of the Dungeon)
 27240 | D:13     | Offered knowledge of Bolt of Cold by Vehumet.
 27281 | D:13     | Learned a level 6 spell: Bolt of Cold
 28767 | D:12     | Found a staircase to the Orcish Mines.
 29216 | D:13     | Noticed Nessos
 29221 | D:13     | Killed Nessos
 30308 | D:14     | Found a gate to the Vaults.
 30444 | D:14     | Found a radiant altar of Vehumet.
 30938 | D:14     | Noticed Frances
 31491 | D:14     | Killed Frances
 31881 | D:14     | Offered knowledge of Iskenderun's Battlesphere by Vehumet.
 31901 | D:14     | Learned a level 5 spell: Iskenderun's Battlesphere
 31960 | D:14     | Reached skill level 17 in Conjurations
 32325 | D:14     | Reached skill level 1 in Charms
 33124 | D:15     | Entered Level 15 of the Dungeon
 33274 | D:15     | Found Mieggan's Book Boutique.
 33950 | D:15     | Found a staircase to the Depths.
 33978 | D:15     | Noticed a fire giant
 33981 | D:15     | Killed a fire giant
 34572 | Orc:1    | Entered Level 1 of the Orcish Mines
 34998 | Orc:1    | Noticed a stone giant
 35236 | Orc:1    | Killed a stone giant
 35443 | Orc:1    | Reached XP level 15. HP: 118/118 MP: 5/33
 35593 | Orc:1    | Found a roughly hewn altar of Beogh.
 35783 | Orc:2    | Entered Level 2 of the Orcish Mines
 36434 | Orc:2    | Reached skill level 5 in Charms
 36828 | Orc:2    | Offered knowledge of Ozocubu's Refrigeration by Vehumet.
 37435 | Orc:2    | Found Faonkeet's General Store.
 37450 | Orc:2    | Found Ycuthy's Distillery.
 37626 | Orc:2    | Bought a potion of heal wounds for 80 gold pieces
 38175 | Orc:2    | Found a staircase to the Elven Halls.
 38189 | Orc:2    | Found Efraseil's Jewellery Boutique.
 38433 | Orc:2    | Found Lutu's General Store.
 39833 | Orc:2    | Offered knowledge of Orb of Destruction by Vehumet.
 39868 | Orc:2    | Learned a level 7 spell: Orb of Destruction
 39974 | Orc:2    | Found Neulie's Antique Weapon Shoppe.
 39974 | Orc:2    | Found a one-way gate leading to the halls of Pandemonium.
 39974 | Orc:2    | Found Ehocosch's Gadget Emporium.
 40007 | Orc:2    | Bought a +0 cloak of invisibility for 149 gold pieces
 40007 | Orc:2    | Bought a ration for 65 gold pieces
 40257 | Shoals:1 | Entered Level 1 of the Shoals
 40362 | Shoals:1 | Noticed Louise
 40797 | Shoals:1 | Reached skill level 1 in Evocations
 40931 | Shoals:1 | Killed Louise
 41699 | Shoals:2 | Noticed Polyphemus
 41874 | Shoals:2 | Noticed Ilsuiw
 42038 | Spider:1 | Entered Level 1 of the Spider Nest
 43152 | Orc:2    | Bought the ring of the Crown {rPois MR+ Dex+2 Stlth+} for
                  | 462 gold pieces
 43484 | Spider:1 | Found a runed door.
 43484 | Spider:1 | Found a shimmering altar of Xom.
 43484 | Spider:1 | Noticed Oddysee's ghost (journeyman HOFi)
 44167 | Spider:2 | Reached skill level 18 in Conjurations
 44573 | Spider:2 | Offered knowledge of Bolt of Fire by Vehumet.
 44703 | Spider:2 | Reached skill level 5 in Evocations
 45295 | Spider:2 | Reached XP level 16. HP: 126/126 MP: 16/34
 47067 | Spider:3 | Found a runed gate.
 47067 | Spider:3 | Found a runed gate.
 47067 | Spider:3 | Found a runed gate.
 47067 | Spider:3 | Noticed Oddysee's ghost (adept TeBe)
 47504 | Spider:4 | Entered Level 4 of the Spider Nest
 48069 | Shoals:1 | Reached skill level 15 in Spellcasting
 48263 | Shoals:2 | Identified a scroll of acquirement
 48671 | Shoals:3 | Found Piprour's Antique Weapon Shoppe.
 49215 | Shoals:3 | Offered knowledge of Poison Arrow by Vehumet.
 49494 | Shoals:3 | HP: 2/126 [water nymph (6)]
 49495 | Shoals:3 | Shot with an arrow by a satyr

Skill      XL: |  1  2  3  4  5  6  7  8  9 10 11 12 13 14 15 16 |
---------------+-------------------------------------------------+-----
Conjurations   | 5 6 7 8 9 11 13 14 15 16 17 18 | 18.6
Hexes          | 1 |  1.6
Spellcasting   | 3 4 5 6 7 9 10 11 12 14 15 | 15.0
Fighting       | 3 6 7 |  7.1
Dodging        | 4 |  4.0
Translocations | 3 |  3.1
Earth Magic    | 5 6 |  6.1
Ice Magic      | 3 6 |  6.1
Charms         | 4 7 |  7.0
Evocations     | 5 7 |  7.4
Stealth        | |  1.7

Action                   |  1- 3 |  4- 6 |  7- 9 | 10-12 | 13-15 | 16-18 || total
-------------------------+-------+-------+-------+-------+-------+-------++-------
Melee: Unarmed           |     5 |       |       |     6 |       |       ||    11
       Tailslap          |     5 |     3 |    30 |    56 |    41 |     2 ||   137
       Whip              |    33 |    57 |    50 |       |       |       ||   140
       Quarterstaff      |       |       |   253 |   452 |   346 |    10 ||  1061
Throw: Throwing net      |       |       |       |     2 |     2 |     1 ||     5
 Cast: Magic Dart        |    60 |    78 |    72 |   105 |   154 |   120 ||   589
       Searing Ray       |     2 |     5 |     7 |     7 |       |     1 ||    22
       Dazzling Spray    |       |     1 |     4 |    13 |    15 |     4 ||    37
       Iskenderun's Myst |       |     4 |    12 |   102 |   541 |    97 ||   756
       Fulminant Prism   |       |       |    12 |    30 |    33 |     1 ||    76
       Force Lance       |       |       |     8 |    46 |    85 |    12 ||   151
       Stone Arrow       |       |       |       |    86 |     1 |       ||    87
       Throw Icicle      |       |       |       |    30 |    80 |       ||   110
       Bolt of Cold      |       |       |       |       |    44 |     4 ||    48
       Iskenderun's Batt |       |       |       |       |    75 |    35 ||   110
       Summon Ice Beast  |       |       |       |       |    11 |       ||    11
       Orb of Destructio |       |       |       |       |    20 |     9 ||    29
 Abil: Evoke Invisibilit |       |       |       |       |     2 |     3 ||     5
Evoke: Lightning rod     |       |       |       |     2 |     4 |     1 ||     7
       Wand              |       |       |       |       |    22 |     2 ||    24
       Fan of gales      |       |       |       |       |     1 |       ||     1
       Sack of spiders   |       |       |       |       |       |     1 ||     1
  Use: Scroll            |     2 |     1 |    12 |    14 |    18 |     7 ||    54
       Potion            |       |       |     4 |     4 |    16 |     7 ||    31
 Stab: Sleeping          |     1 |     1 |     7 |     5 |     1 |       ||    15
       Invisible         |       |     1 |       |       |       |       ||     1
       Distracted        |       |       |       |     1 |       |       ||     1
  Eat: Chunk             |     3 |     6 |     7 |    13 |    19 |    10 ||    58
       Ration            |       |     1 |     5 |    12 |    28 |     3 ||    49
Armor: Skin              |    22 |    26 |   190 |   342 |   300 |    65 ||   945
Dodge: Dodged            |    41 |    33 |   283 |   475 |   572 |    79 ||  1483
